AoeStats
← MurderHoles

Pilgrims

508115571Analyzed
2v2 RM · 12d ago on Sep 20, 2026· 32m 5s· 4 players
Game mode
Random Map
Map size
Medium (4 player)
Population
200
Speed
Normal
Resources
Standard
Victory
Conquest
Starting age
Dark Age
Ending age
Imperial Age
RankedLock teamsTeams togetherTeam positionsShared explorationLock speedFull tech treeHidden civsTurbo modeCheats
Victory
Defeat
🇺🇸 Armenians · United States
1039
+15
🇺🇸 Vikings · United States
1030
+15
🇹🇷 Huns · Türkiye
1049
-16
🇦🇺 Vietnamese · Australia
984
-14
SpacemanSpiff
6:19 Loom
11:29 Feudal Age
12:41 Town Watch
18:29 Castle Age
17:52 Fishing Lines
20:25 Fletching
20:26 Pikeman
25:24 Gillnets
25:48 Bodkin Arrow
30:01 Scale Barding Armor
30:07 Forging
30:01 Stone Mining
30:01 Gold Mining
MurderHoles
6:59 Loom
10:33 Feudal Age
14:33 Castle Age
14:14 Double-Bit Axe
18:27 Bow Saw
18:32 Forging
18:24 Scale Mail Armor
19:47 Fervor
21:21 Sanctity
22:37 Gambesons
22:53 Squires
22:17 Man-at-Arms
25:59 Redemption
27:05 Wheelbarrow
26:44 Horse Collar
28:12 Chain Mail Armor
28:42 Long Swordsman
29:08 Arson
Quaresma
12:25 Feudal Age
16:44 Castle Age
16:17 Bloodlines
23:29 Light Cavalry
Snappa
5:18 Loom
11:52 Feudal Age
12:59 Double-Bit Axe
14:55 Horse Collar
21:35 Castle Age
22:56 Heavy Plow
24:31 Crossbowman
25:06 Fletching
25:17 Padded Archer Armor
25:33 Thumb Ring
25:44 Bow Saw
25:26 Gold Mining
Connection lost

Rejoining the realm…

Still unreachable

The connection could not be restored.

Session expired

The server has moved on; the page needs a fresh start.